cohdb
Replays
Latest Replays
All Replays
Popular Replays
Top Player Replays
Match Explorer
How It Works
Community
CoH3 Stats
Reddit
Sign in to upload your games and track your stats! →
Sign in with Steam
Match 36679735
Unlisted
Match 36679735
Overview
Messages
Build Orders
End
Construct Weapon Support Center
Engineer Squad
M1919 Machine Gun Team
Bazooka Squad
Mechanized Support Center
Selects Advanced Infantry Battlegroup
M16 Multiple Gun Motor Carriage
Engineer Squad
Selects Convert to Ranger Squad
Construct Motor Pool
.30 cal Machine Gun
M1 Anti-tank Gun Team
.30 cal Machine Gun
Construct Tank Depot
Improvised Armor
Selects Frontline Medical Station
Selects Ammunition Storage
M4(105) Sherman Bulldozer
Selects M2A1 105mm Howitzer Emplacement
M18 Hellcat Tank Destroyer
.30 cal Machine Gun
.30 cal Machine Gun
M4(105) Sherman Bulldozer
Frontline Medical Station
.30 cal Machine Gun
Selects Infantry Assault
Selects Free Fire Drills
Interloper
blackpanther989
21651779
人事已尽,天命难违
Otter
达拉姆第一开矿者卡尔大理石
火蔷薇十字弓队
matrix4x4
0
0
Comments
sign in to comment!
No comments posted yet!